 Dungeon Crawl Stone Soup version 0.28.0-53-g5a82cb258f (webtiles) character file.

Game seed: 6930901293575596505

3 Peloso the Skirmisher (level 1, 20/20 HPs)
             Began as a Minotaur Fighter on June 7, 2022.
             Got out of the dungeon alive.
             The game lasted 00:00:12 (44 turns).

Peloso the Skirmisher (Minotaur Fighter)              Turns: 44, Time: 00:00:12

Health: 20/20      AC:  7    Str: 20    XL:     1   Next: 41%
Magic:  0/0        EV:  9    Int:  5    God:
Gold:   0          SH:  4    Dex:  9    Spells: 0/0 levels left

rFire   . . .      SeeInvis .   a - +0 long sword
rCold   . . .      Faith    .   c - +0 buckler
rNeg    . . .      Spirit   .   b - +0 scale mail
rPois   .          Reflect  .   (helmet restricted)
rElec   .          Harm     .   (no cloak)
rCorr   .          Rampage  .   (no gloves)
Will    .....                   (no boots)
Stlth   ..........              (no amulet)
HPRegen 0.06/turn               (no ring)
MPRegen 0.07/turn               (no ring)

@: no status effects
A: horns 2, retaliatory headbutt
a: no special abilities


You escaped.
You visited 1 branch of the dungeon, and saw 1 of its levels.

Inventory:

Hand Weapons
 a - a +0 long sword (weapon)
Armour
 b - a +0 scale mail (worn)
 c - a +0 buckler (worn)
Potions
 d - a potion of might


   Skills:
 + Level 3.7 Fighting
 + Level 2.5 Long Blades
 + Level 3.7 Armour
 + Level 3.7 Shields


You couldn't memorise any spells.
You didn't know any spells.
Your spell library contained the following spells:

 Spells                   Type           Power      Damage    Failure   Level
 Confusing Touch          Hex            0%         N/A       99%         3
 Yara's Violent Unravell  Hex/Tmut       0%         3d3       100%        5
 Enfeeble                 Hex            0%         N/A       100%        7


Dungeon Overview and Level Annotations

Branches:
Dungeon (1/15)

Altars:


Innate Abilities, Weirdness & Mutations

You have a pair of horns on your head.
You reflexively headbutt those who attack you in melee.


Message History

Welcome, Peloso the Minotaur Fighter.
The Orb of Zot is coveted for many reasons.
Will you seize it for your own?
Press ? for a list of commands and other information.
Found a book of Misfortune and 3 boomerangs.
Found a staircase leading out of the dungeon.
You pick up a book of Misfortune and begin reading...
You add the spells Confusing Touch, Yara's Violent Unravelling and Enfeeble to your library.
A kobold comes into view. It is wielding a +0 whip.
The kobold shouts!
The kobold throws a stone.
The stone misses you.
A rat comes into view.
There are monsters nearby!
There are monsters nearby!
Found a mace.
A giant cockroach comes into view.
An endoplasm comes into view.
The endoplasm quivers.
The rat bites you but does no damage.
Found a stone staircase leading down.
The kobold throws a stone.
The stone closely misses you.
The stone hits the rat.
The rat dies!
The kobold throws a stone.
You block the stone. The giant cockroach closely misses you.
You furiously retaliate!
You headbutt the giant cockroach.
You kill the giant cockroach!
The kobold throws a stone.
The stone barely misses you. The kobold misses you.
The endoplasm barely misses you. You furiously retaliate!
You headbutt the endoplasm!
You kill the endoplasm!
You block the kobold's attack. The kobold hits you but does no damage.
You closely miss the kobold. The kobold hits you but does no damage.
You barely miss the kobold. Your headbutt misses the kobold.
The kobold barely misses you. You furiously retaliate!
You headbutt the kobold!
You kill the kobold!
Things that are here:
a +0 whip; 5 stones
There is a staircase leading out of the dungeon here.
Are you sure you want to leave the Dungeon?
This will make you lose the game!
You have escaped!

####.#### ##.......##
##.........##
##.......(...## .#
#.............# ..
#.............#
..#§#.............#
#§§≈......@......≈
#....#
#.............#≈#.....#
#.............##......#
#.............#.......#
##...........##.......#
##.........###.....>.#
##.......## #.......#
######.#######)......#
....#...#............#


There were no monsters in sight!

Vanquished Creatures
  An endoplasm (D:1)
  A giant cockroach (D:1)
  A kobold (D:1)
3 creatures vanquished.

Vanquished Creatures (others)
  A rat (D:1)
1 creature vanquished.

Grand Total: 4 creatures vanquished

Notes
Turn   | Place    | Note
-------+----------+-------------------------------------------
     0 | D:1      | Peloso the Minotaur Fighter began the quest for the Orb.
     0 | D:1      | Reached XP level 1. HP: 19/19 MP: 0/0
    44 | D:$      | Got out of the dungeon alive.

Illustrated notes

Levels and vault maps discovered:
D:1:      psy_arrival_dodecagon, layout_rooms,
          shapermc_ecumenical_altar_mp_ritualfount

Action                   || total
-------------------------++-------
Melee: Long sword        ||     2
Armor: Scale mail        ||     3
Dodge: Dodged            ||     7
Block: Buckler           ||     2
